 Dungeon Crawl Stone Soup version 0.29-a0-559-g359e09b9d1 (webtiles) character file.

Game seed: 6172898561091033362

725 IdlyInterested the Slasher (level 7, -1/54 HPs)
             Began as a Demonspawn Gladiator on June 10, 2022.
             Slain by an orc
             ... wielding a +0 mace
              (2 damage)
             ... on level 6 of the Dungeon.
             The game lasted 00:10:24 (4761 turns).

IdlyInterested the Slasher (Demonspawn Gladiator)   Turns: 4761, Time: 00:10:24

Health: -1/54      AC:  8    Str: 14      XL:     7   Next: 43%
Magic:  7/7        EV: 10    Int: 11      God:
Gold:   262        SH:  0    Dex: 16 (17) Spells: 6/6 levels left

rFire   . . .      SeeInvis +   r - +2 falchion (vorpal)
rCold   . . .      Faith    .   (no shield)
rNeg    . . .      Spirit   .   s - +0 scale mail
rPois   +          Reflect  .   c - +1 helmet
rElec   .          Harm     .   (no cloak)
rCorr   .          Rampage  .   h - +2 pair of gloves
Will    .....                   (no boots)
Stlth   ..........              (no amulet)
HPRegen 0.18/turn               l - ring of wizardry
MPRegen 0.10/turn               p - ring of poison resistance

@: no status effects
A: hooves 2, foul stench 1, powered by death 1, see invisible, clever 1,
deformed body
a: no special abilities


You were on level 6 of the Dungeon.
You visited 1 branch of the dungeon, and saw 6 of its levels.

You collected 262 gold pieces.

Inventory:

Hand Weapons
 a - a +1 long sword
 m - a +0 short sword of freezing
 r - a +2 vorpal falchion (weapon)
Missiles
 b - 6 poisoned darts
 d - a throwing net (quivered)
 e - a javelin
Armour
 c - a +1 helmet (worn)
 h - a +2 pair of gloves (worn)
 s - a +0 scale mail (worn)
Jewellery
 g - an amulet of faith
 l - a ring of wizardry (left hand)
 p - a ring of poison resistance (right hand)
Wands
 q - a wand of polymorph (8)
Scrolls
 f - a scroll of enchant weapon
 i - 4 scrolls of teleportation
 n - a scroll of identify
 o - a scroll of fog
Potions
 k - a potion of curing
 t - a potion of might


   Skills:
 - Level 4.0 Fighting
 * Level 6.8 Long Blades
 - Level 1.7 Throwing
 + Level 3.8 Dodging


You had 6 spell levels left.
You didn't know any spells.
Your spell library contained the following spells:

 Spells                   Type           Power      Damage    Failure   Level
 Beastly Appendage        Tmut           0%         N/A       52%         1
 Wereblood                Tmut           0%         N/A       65%         2
 Ignite Poison            Fire/Tmut/Pois 0%         N/A       86%         3
 Mephitic Cloud           Conj/Pois/Air  0%         N/A       86%         3
 Spider Form              Tmut/Pois      0%         N/A       86%         3
 Freezing Cloud           Conj/Ice/Air   0%         6-21      100%        5


Dungeon Overview and Level Annotations

Branches:
Dungeon (6/15)
 Temple: D:4-7

Altars:
Cheibriados
Fedhas
Kikubaaqudgha
Nemelex Xobeh
Okawaru
Qazlal
Wu Jian
Zin
The Shining One

Shops:
D:3 ?


Innate Abilities, Weirdness & Mutations

You have hoof-like feet.
You may rarely emit foul miasma when damaged in melee.
You regenerate a little health from kills.
You have supernaturally acute eyesight. (SInv)
Your mind is acute. (Int +2)
Armour fits poorly on your strangely shaped body.


Message History

The steam dragon breathes steam at you. The ball of steam hits you!
The steam dragon struggles against the net.
The orc hits you but does no damage.
You catch the helpless steam dragon completely off-guard!
You hit the steam dragon but do no damage.
You kick the steam dragon, but do no damage.
The steam dragon is lightly wounded.
The orc is engulfed in a cloud of scalding steam.
The orc closely misses you.
The teleport trap disappears.
The black bear disappears!
The orc is engulfed in a cloud of scalding steam.
The orc dies!
The orc hits you with a +0 mace.
You slash the steam dragon! Your kick misses the steam dragon.
The steam dragon is heavily wounded.
The steam dragon breathes steam at you. The ball of steam hits you!
* * * LOW HITPOINT WARNING * * *
The steam dragon struggles against the net.
The orc is engulfed in a cloud of scalding steam.
The orc dies!
A hound comes into view.
The hound barks!
You hit the steam dragon but do no damage.
You kick the steam dragon.
The steam dragon is severely wounded.
You are engulfed in a cloud of scalding steam.
* * * LOW HITPOINT WARNING * * *
The orc closely misses you.
The iguana is engulfed in a cloud of scalding steam.
The orc hits you but does no damage.
You hit the steam dragon. You kick the steam dragon.
The steam dragon is almost dead.
The troll barely misses you. The troll claws you!
* * * LOW HITPOINT WARNING * * *
The troll completely misses you.
The steam dragon struggles against the net.
The orc hits you with a +0 mace.
You die...

............
..........##
.......>..#
#h....?...#
#?$.......###
.###.........(..
.....$ToD.<.....
#.l@o...... #
##ยง).....#.
#.#.....#..#
#.#....## ...
#......# .
###....#
#....######.#
#............
####........##.


You could see a troll, a steam dragon (caught, catching breath), an iguana, a
hound and 2 orcs.

Vanquished Creatures
  A necrophage (D:6)
  3 scorpions
  2 hounds
  An orc priest (D:4)
  A gnoll shaman (D:5)
  2 jellies (D:5)
  An iguana (D:5)
  An orc wizard (D:6)
  6 adders
  10 gnolls
  A shadow imp (D:5)
  A worm (D:3)
  3 dart slugs
  9 orcs
  4 bats
  3 bat zombies (D:5)
  4 endoplasms
  2 giant cockroaches
  5 hobgoblins
  6 jackals (D:3)
  6 kobolds
  3 quokkas
  6 ball pythons
  2 frilled lizards
  9 goblins
  5 rats
  2 rat zombies (D:5)
99 creatures vanquished.

Vanquished Creatures (others)
  2 orcs (D:6)
2 creatures vanquished.

Grand Total: 101 creatures vanquished

Notes
Turn   | Place    | Note
-------+----------+-------------------------------------------
     0 | D:1      | IdlyInterested the Demonspawn Gladiator began the quest for
                  | the Orb.
     0 | D:1      | Reached XP level 1. HP: 16/16 MP: 1/1
     3 | D:1      | Noticed an electric eel
     4 | D:1      | Noticed an electric eel
   546 | D:1      | Reached skill level 3 in Long Blades
   546 | D:1      | Found a faded altar of an unknown god.
   625 | D:1      | Gained mutation: You have large cloven feet. [demonic
                  | ancestry]
   625 | D:1      | Reached XP level 2. HP: 20/22 MP: 2/2
   954 | D:2      | Gained mutation: You regenerate a little health from kills.
                  | [demonic ancestry]
   954 | D:2      | Reached XP level 3. HP: 15/27 MP: 3/3
  1715 | D:2      | Found a snail-covered altar of Cheibriados.
  2039 | D:3      | Found Hiejemn's Magic Scroll Shoppe.
  2058 | D:3      | Reached skill level 4 in Long Blades
  2058 | D:3      | Reached XP level 4. HP: 30/34 MP: 4/4
  2227 | D:3      | You fall into a shaft and drop 1 floor!
  2609 | D:3      | Reached XP level 5. HP: 41/41 MP: 5/5
  2855 | D:3      | HP: 2/41 [gnoll/+0 spear (6)]
  3237 | D:3      | Gained mutation: Armour fits poorly on your strangely
                  | shaped body. [potion of mutation]
  3237 | D:3      | Gained mutation: You have hoof-like feet. [potion of
                  | mutation]
  3237 | D:3      | Gained mutation: You have supernaturally acute eyesight.
                  | (SInv) [potion of mutation]
  3237 | D:3      | Gained mutation: Your mind is acute. (Int +2) [potion of
                  | mutation]
  3254 | D:4      | Noticed a fire elemental
  3254 | D:4      | Found a stormy altar of Qazlal.
  3259 | D:4      | Noticed a water elemental
  3262 | D:4      | Noticed an air elemental
  3356 | D:4      | Reached skill level 5 in Long Blades
  3498 | D:4      | Found an ornate altar of the Wu Jian Council.
  3504 | D:4      | Found an iron altar of Okawaru.
  3504 | D:4      | Found a blossoming altar of Fedhas.
  3619 | D:5      | Entered Level 5 of the Dungeon
  3624 | D:5      | Reached XP level 6. HP: 46/47 MP: 6/6
  4011 | D:5      | Found a sparkling altar of Nemelex Xobeh.
  4319 | D:5      | Found an ancient bone altar of Kikubaaqudgha.
  4366 | D:5      | Reached skill level 6 in Long Blades
  4430 | D:5      | Gained mutation: You may rarely emit foul miasma when
                  | damaged in melee. [demonic ancestry]
  4430 | D:5      | Reached XP level 7. HP: 30/54 MP: 7/7
  4751 | D:6      | Noticed a steam dragon
  4754 | D:6      | Noticed a troll
  4761 | D:6      | HP: 1/54 [troll (9)]
  4761 | D:6      | Slain by an orc

Illustrated notes

Levels and vault maps discovered:
D:1:      arrival_aquarium_b, layout_basic, dreamdust_ecumenical_altar_statues
D:2:      layout_basic, basic_altar, grunt_ministairs_7,
          dreamdust_princess_bridge
D:3:      minmay_inner_zag, layout_basic, nicolae_tso_carved_into_rock,
          serial_shops, shop
D:4:      layout_rooms, nicolae_qazlal_style_of_elements,
          grunt_temple_overflow_open
D:5:      layout_rooms, lemuel_zombie_altar_kikubaaqudgha,
          mainiacjoe_overflow_six_doors_small
D:6:      layout_rooms, temple_hall, serial_park_tiny_2

Skill      XL: |  1  2  3  4  5  6 |
---------------+-------------------+-----
Long Blades    | 3 4 5 6 |  6.8
Dodging        | 3 |  3.8
Fighting       | 3 4 |  4.0
Throwing       | |  1.7

Action                   |  1- 3 |  4- 6 |  7- 9 || total
-------------------------+-------+-------+-------++-------
Melee: Long sword        |   119 |   121 |       ||   240
       Kick              |    21 |    36 |     5 ||    62
       Falchion          |       |    36 |    24 ||    60
Throw: Throwing net      |       |     1 |     1 ||     2
  Use: Scroll            |     4 |     3 |     2 ||     9
       Potion            |     3 |     6 |       ||     9
 Stab: Held in net/web   |       |       |     1 ||     1
Armor: Ring mail         |    70 |    55 |       ||   125
       Scale mail        |       |    15 |    14 ||    29
Dodge: Dodged            |    96 |    93 |    10 ||   199

Table legend: (Time is in decaauts)
 A = Elapsed time spent in this place.
 B = Non-inter-level travel time spent in this place.
 C = Inter-level travel time spent in this place.
 D = Time resting spent in this place.
 E = Time spent auto-exploring this place.
 F = Levels seen in this place.
 G = Mean time per level.
                   A        B        C        D        E       F      G
               +--------+--------+--------+--------+--------+-----+--------+
         Total |   4786 |   4645 |    141 |   1217 |   2553 |   6 |  797.7 |
       Dungeon |   4786 |   4645 |    141 |   1217 |   2553 |   6 |  797.7 |
               +--------+--------+--------+--------+--------+-----+--------+

Top non-repeatable levels by time:
     D:3: 1260 daAuts
     D:5: 1109 daAuts
     D:2: 1037 daAuts
     D:1: 878 daAuts
     D:4: 465 daAuts
     D:6: 35 daAuts
